Cogmind - Beta 14 @@@ ROGUE MODE // 2025.01.18 @ 08:44:23 Player: bschuck Result: Destroyed by 01-MTF with 01-MTF's Shockpuncher Performance ------------- Evolutions (2) 1000 Regions Visited (7) 1400 Robots Destroyed (35) 175 Value Destroyed (914) 914 Prototype IDs (2) 40 Alien Tech Used (0) 0 Bonus (-108) -108 TOTAL SCORE: 3421 Bonus ------- Friendly Fire -108 Cogmind --------- Core Integrity 0/550 Matter 382/500 Energy 83/100 System Corruption 18% Temperature Cool (0) Movement Core (150) Ox2 Location -8/Storage Parts ------- > --- POWER (2) -------- (None) > --- PROPULSION (2) --- (None) > --- UTILITY (3) ------ High-capacity Matter Pod Improved Terrain Scanner > --- WEAPON (4) ------- Beam Rifle > --- INVENTORY (5) ---- Drone Bay (2/2) Peak State ------------ > --- POWER ------------ Improved Ion Engine Light Nuclear Core > --- PROPULSION ------- Light Treads Advanced Treads > --- UTILITY ---------- Disposable Heat Sink Large Storage Unit High-capacity Matter Pod > --- WEAPON ----------- Heavy Laser Heavy Laser Cooled Pulse Rifle Enhanced Autogun > --- INVENTORY -------- Ion Engine Light Treads Light Treads Aluminum Leg VSS Leg Cooling System Improved Terrain Scanner Improved Terrain Scanner Reaction Control System Drone Bay Missile Launcher Datajack [Rating: 32] Favorites ----------- Power Light Ion Engine Engine Light Ion Engine Power Core Light Nuclear Core Propulsion Light Treads Treads Light Treads Leg Aluminum Leg Wheel Wheel Utility Targeting Computer Device Heat Sink Storage Large Storage Unit Processor Targeting Computer Weapon Heavy Laser Energy Gun Heavy Laser Energy Cannon Ion Cannon Ballistic Gun Light Assault Rifle Launcher Missile Launcher Impact Weapon Mace Special Melee Weapon Datajack Build | -11 -10 -9 -9 -9 -8 -8 -8 ------- Run | Yrd Mat Mat Min Exi Min Mat Sto Slots Evolved 4 | . . 2 . . . 2 . Power 1 | . . . . . . 1 . Propulsion . | . . . . . . . . Utility 1 | . . 1 . . . . . Weapon 2 | . . 1 . . . 1 . Parts Attached 55 | 6 4 7 . . 10 6 22 Power 8 | 1 1 1 . . 1 1 3 Engine 7 | 1 1 1 . . 1 1 2 Core 1 | . . . . . . . 1 Reactor . | . . . . . . . . Propulsion 14 | 2 . 2 . . 3 . 7 Treads 6 | . . 2 . . . . 4 Leg 5 | 2 . . . . . . 3 Wheel 3 | . . . . . 3 . . Hover . | . . . . . . . . Flight . | . . . . . . . . Utility 9 | 1 2 1 . . 1 1 3 Device 5 | . 2 . . . . . 3 Storage 3 | 1 . . . . 1 1 . Processor 1 | . . 1 . . . . . Hackware . | . . . . . . . . Protection . | . . . . . . . . Artifact . | . . . . . . . . Weapon 24 | 2 1 3 . . 5 4 9 Energy Gun 11 | 1 . 1 . . 2 2 5 Energy Cannon 1 | . . . . . . . 1 Ballistic Gun 9 | 1 1 2 . . 2 1 2 Ballistic Cannon . | . . . . . . . . Launcher 1 | . . . . . . . 1 Special Weapon . | . . . . . . . . Impact Weapon 1 | . . . . . 1 . . Slashing Weapon . | . . . . . . . . Piercing Weapon . | . . . . . . . . Special Melee Weapon 1 | . . . . . . 1 . Unidentified Prototypes 2 | . . . . . . . 2 Parts Lost 30 | . . . . . 8 . 22 Power 6 | . . . . . 2 . 4 Propulsion 9 | . . . . . 3 . 6 Utility 4 | . . . . . 1 . 3 Weapon 11 | . . . . . 2 . 9 Highest Loss Streak 20 | . . . . . 6 . 20 To Critical Strikes . | . . . . . . . . Average Slot Usage (%) 92 | . 95 96 100 100 82 81 92 Engine 9 | . 14 11 11 11 9 . 8 Core 2 | . . . . . . . 6 Treads 13 | . . 13 22 22 12 . 10 Leg 3 | . 28 8 . . . . 3 Wheel 1 | . . . . . 2 18 1 Device 6 | . 9 11 11 11 9 . . Storage 14 | . 14 11 11 11 11 18 17 Processor 9 | . . 9 11 11 11 9 8 Energy Gun 15 | . 10 . 11 11 12 11 22 Ballistic Gun 11 | . 17 31 22 22 13 6 . Impact Weapon 1 | . . . . . . 9 3 Special Melee Weapon 3 | . . . . . . 9 8 Peak Build Rating 32 | 6 7 11 12 12 12 22 32 Average Rating 16 | 3 6 9 11 12 9 15 25 On Entrance 9 | . 6 7 11 12 12 7 22 Naked Turns . | . . . . . . . . Heaviest Build 52 | 11 14 16 16 16 28 42 52 Greatest Support 42 | 20 20 40 40 40 40 20 42 Greatest Overweight (x) 5 | 2 . . . . 2 2 5 Average Overweight (x) . | . . . . . . 1 1 Largest Inventory Capacity 15 | 8 8 8 8 8 15 15 15 Average Capacity 11 | 7 8 8 8 8 11 15 14 Most Carried 15 | 8 8 8 8 8 8 14 15 Average Carried 9 | 4 6 7 7 8 7 7 12 Final Capacity 15 | 8 8 8 8 8 15 15 5 Final Carried 14 | 6 8 7 8 8 5 14 1 Class Distribution -------------------- 36% | Mutant 36% | Scavenger-Gunner 27% | Gunner Dominant Class ---------------- Mutant | -10/Materials Gunner | -9/Materials Scavenger-Gunner | -9/Mines Scavenger-Gunner | -9/Exiles Scavenger-Gunner | -8/Mines Mutant | -8/Materials Gunner | -8/Storage Resources | -11 -10 -9 -9 -9 -8 -8 -8 ----------- Run | Yrd Mat Mat Min Exi Min Mat Sto Matter Collected 1150 | 105 73 222 213 . 220 50 267 Remotely . | . . . . . . . . Salvage Created 1231 | . 89 160 161 . 267 53 501 Parts 85 | . 15 15 16 . 8 2 29 Haulers Intercepted . | . . . . . . . . Recyclers Shooed . | . . . . . . . . Parts Field Recycled . | . . . . . . . . Retrieved Matter . | . . . . . . . . Parts Self-Destructed . | . . . . . . . . Prevented . | . . . . . . . . Kills | -11 -10 -9 -9 -9 -8 -8 -8 ------- Run | Yrd Mat Mat Min Exi Min Mat Sto Combat Hostiles Destroyed 26 | . 5 4 . . 7 1 9 Guns 26 | . 5 4 . . 7 1 9 Classes Destroyed 8 | . 2 2 1 . 2 . 1 Worker 4 | . . 1 1 . . . 2 Builder 4 | . 1 . 2 . . . 1 Tunneler 1 | . . . 1 . . . . Swarmer 10 | . 5 2 . . 3 . . Grunt 9 | . . . . . 3 . 6 Duelist 1 | . . . . . 1 . . Sentry 5 | . . 2 . . . 1 2 Hunter 1 | . . . . . . . 1 Best Kill Streak 4 | . 4 3 2 . 3 1 2 Combat Bots Only 3 | . 3 3 . . 3 1 2 Max Kills in Single Turn 1 | . 1 1 1 . 1 1 1 Gunslinging . | . . . . . . . . Exploded . | . . . . . . . . Melee . | . . . . . . . . Uniques/NPCs Destroyed . | . . . . . . . . Combat | -11 -10 -9 -9 -9 -8 -8 -8 -------- Run | Yrd Mat Mat Min Exi Min Mat Sto Hostile Shots Fired 334 | . 53 45 . . 75 6 155 Missed 91 | . 11 20 . . 21 3 36 Damage Taken 3950 | . 344 323 . . 928 50 2305 Core 904 | . 74 36 . . 235 . 559 Absorbed by Shields . | . . . . . . . . Core Remaining (%) 67 | 100 70 . . . 32 . . Volleys Fired 119 | . 17 16 7 . 29 4 46 Largest 4 | . 2 3 3 . 3 2 4 Hottest 207 | . 60 63 99 . 132 138 207 Shots Fired 276 | . 34 48 21 . 61 8 104 Gun 270 | . 34 48 21 . 61 8 98 Cannon 5 | . . . . . . . 5 Launcher 1 | . . . . . . . 1 Special . | . . . . . . . . Kinetic 131 | . 18 48 14 . 36 . 15 Thermal 144 | . 16 . 7 . 25 8 88 Explosive 1 | . . . . . . . 1 Electromagnetic . | . . . . . . . . Robot Hit Streak 12 | . 2 9 6 . 12 6 12 Robot Miss Streak 6 | . 6 2 1 . 2 2 5 Penetration Max . | . . . . . . . . Secondary Targets 7 | . 1 2 . . 2 . 2 Max Gunslinging Chain 1 | . 1 1 . . 1 . 1 Shots Hit Robots 162 | . 13 24 7 . 49 7 62 Core Hits 66 | . 6 8 8 . 19 1 24 Critical Kills . | . . . . . . . . Critical Parts Destroyed 1 | . . 1 . . . . . Critical Strikes 2 | . . 1 . . . 1 . Burn 1 | . . . . . . 1 . Destroy 1 | . . 1 . . . . . Melee Attacks 5 | . . . . . . 1 4 Impact . | . . . . . . . . Slashing . | . . . . . . . . Piercing . | . . . . . . . . Sneak Attacks 5 | . . . . . . 1 4 Combat Hostiles . | . . . . . . . . Follow-up Attacks . | . . . . . . . . Damage Inflicted 2302 | . 146 298 153 . 536 118 1051 Guns 2128 | . 146 298 153 . 536 118 877 Cannons 68 | . . . . . . . 68 Explosions 106 | . . . . . . . 106 Melee . | . . . . . . . . Ramming . | . . . . . . . . Kinetic 916 | . 104 298 79 . 245 . 190 Thermal 1280 | . 42 . 74 . 291 118 755 Explosive 106 | . . . . . . . 106 Electromagnetic . | . . . . . . . . Impact . | . . . . . . . . Slashing . | . . . . . . . . Piercing . | . . . . . . . . Highest Corruption 18 | . . . . . . . 18 Average Corruption 8 | . . . . . . . 8 Corruption Purged . | . . . . . . . . Corruption Blocked . | . . . . . . . . Effects 5 | . . . . . . . 5 Matter Fused 2 | . . . . . . . 2 Parts Rejected 1 | . . . . . . . 1 Misfires 1 | . . . . . . . 1 Weapon Failures 1 | . . . . . . . 1 Overload Shots . | . . . . . . . . Overflow Damage 14 | . . . . . . . 14 Projectiles 14 | . . . . . . . 14 Explosions . | . . . . . . . . Melee . | . . . . . . . . Knockbacks . | . . . . . . . . Impact . | . . . . . . . . Kinetic . | . . . . . . . . Secondary . | . . . . . . . . Self-Inflicted Damage 56 | . . . . . . . 56 Shots 1 | . . . . . . . 1 Rammed 2 | . . . . . . . 2 Targets Rammed 2 | . . . . . . . 2 Kicked . | . . . . . . . . Crushed . | . . . . . . . . Highest Temperature 756 | . . 7 . . 123 144 756 Average Temperature 146 | . . 4 . . 51 66 176 Received Heat Transfer 747 | . . 117 . . 333 9 288 Effects 26 | . . . . . . . 26 Shutdowns 5 | . . . . . . . 5 Energy Bleed 2 | . . . . . . . 2 Interference 2 | . . . . . . . 2 Matter Decay 2 | . . . . . . . 2 Short Circuit 1 | . . . . . . . 1 Damage (minor) 2 | . . . . . . . 2 Damage (major) 12 | . . . . . . . 12 Siege Activations . | . . . . . . . . Robots Corrupted . | . . . . . . . . Combat Hostiles . | . . . . . . . . Parts Fried . | . . . . . . . . Impact Corruptions . | . . . . . . . . Robots Melted . | . . . . . . . . Combat Hostiles . | . . . . . . . . Parts Melted 2 | . . . . . 1 1 . Heat Transferred 3060 | . 100 . 185 . 740 296 1739 Parts Sabotaged . | . . . . . . . . Parts Stolen . | . . . . . . . . Parts Stripped . | . . . . . . . . Power Chain Reactions . | . . . . . . . . Alert | -11 -10 -9 -9 -9 -8 -8 -8 ------- Run | Yrd Mat Mat Min Exi Min Mat Sto Peak Influence 215 | . 131 215 113 . 135 68 158 Initial 83 | . . 55 83 . . 23 28 Average 65 | . 75 110 84 . 70 29 55 Maximum Alert Level 1 | . . 1 . . . . . Low Security (%) 99 | 100 100 87 100 . 100 100 100 Level 1 . | . . 12 . . . . . Level 2 . | . . . . . . . . Level 3 . | . . . . . . . . Level 4 . | . . . . . . . . Level 5 . | . . . . . . . . High Security . | . . . . . . . . Max Security . | . . . . . . . . Squads Dispatched 2 | . . . . . . . 2 Investigation 1 | . . . . . . . 1 Extermination . | . . . . . . . . Reinforcement 1 | . . . . . . . 1 Assault . | . . . . . . . . Garrison . | . . . . . . . . Intercept . | . . . . . . . . Searches Triggered . | . . . . . . . . Construction Impeded . | . . . . . . . . Haulers Reinforced . | . . . . . . . . Active Scanning Responses . | . . . . . . . . Cargo Convoy Interrupts . | . . . . . . . . Stealth | -11 -10 -9 -9 -9 -8 -8 -8 --------- Run | Yrd Mat Mat Min Exi Min Mat Sto Distress Signals 1 | . . . . . . . 1 Communications Jammed . | . . . . . . . . Distress Signals . | . . . . . . . . Times Spotted 108 | . 6 6 . . 10 2 84 Peak Tracking Total 4 | . 3 4 . . 4 1 3 Tactical Retreats 10 | . . . . . 1 . 9 Traps | -11 -10 -9 -9 -9 -8 -8 -8 ------- Run | Yrd Mat Mat Min Exi Min Mat Sto Traps Triggered 1 | . . . . . . . 1 Indirectly . | . . . . . . . . Trap Hack Attempts . | . . . . . . . . Triggered . | . . . . . . . . Disarmed . | . . . . . . . . Reprogrammed . | . . . . . . . . Reused . | . . . . . . . . Traps Extracted . | . . . . . . . . Installed . | . . . . . . . . Triggered . | . . . . . . . . Machines | -11 -10 -9 -9 -9 -8 -8 -8 ---------- Run | Yrd Mat Mat Min Exi Min Mat Sto Machines Disabled 3 | . . . . . . . 3 Max in Single Turn 1 | . . . . . . . 1 Machines Repaired . | . . . . . . . . Machines Dismantled . | . . . . . . . . Machines Sabotaged . | . . . . . . . . Overloaded Fab Kills . | . . . . . . . . Hacking | -11 -10 -9 -9 -9 -8 -8 -8 --------- Run | Yrd Mat Mat Min Exi Min Mat Sto Machines Accessed 3 | . . . . 2 . . 1 Terminals 1 | . . . . . . . 1 Fabricators . | . . . . . . . . Repair Stations . | . . . . . . . . Recycling Units . | . . . . . . . . Scanalyzers . | . . . . . . . . Garrison Access . | . . . . . . . . Total Hacks 11 | . . . . 6 . . 5 Successful 7 | . . . . 6 . . 1 Failed 4 | . . . . . . . 4 Catastrophic 1 | . . . . . . . 1 Database Lockouts . | . . . . . . . . Manual . | . . . . . . . . Terminals 5 | . . . . . . . 5 Fabricators . | . . . . . . . . Repair Stations . | . . . . . . . . Recycling Units . | . . . . . . . . Scanalyzers . | . . . . . . . . Garrison Access . | . . . . . . . . Terminal Hacks 7 | . . . . 6 . . 1 Record 7 | . . . . 6 . . 1 Fabricator Hacks . | . . . . . . . . Repair Station Hacks . | . . . . . . . . Recycling Unit Hacks . | . . . . . . . . Scanalyzer . | . . . . . . . . Garrison Access Hacks . | . . . . . . . . Unauthorized Hacks . | . . . . . . . . Terminals . | . . . . . . . . Fabricators . | . . . . . . . . Repair Stations . | . . . . . . . . Recycling Units . | . . . . . . . . Scanalyzers . | . . . . . . . . Garrison Access . | . . . . . . . . Data Cores Recovered 1 | . . . . . . . 1 Used . | . . . . . . . . Hacking Detections 1 | . . . . . . . 1 Full Trace Events 1 | . . . . . . . 1 Feedback Events . | . . . . . . . . Feedback Blocked . | . . . . . . . . Robot Schematics Acquired . | . . . . . . . . Robots Built . | . . . . . . . . Authchips . | . . . . . . . . Time . | . . . . . . . . Total Robot Build Rating . | . . . . . . . . Part Schematics Acquired . | . . . . . . . . Parts Built . | . . . . . . . . Authchips . | . . . . . . . . Time . | . . . . . . . . Total Part Build Rating . | . . . . . . . . Parts Repaired . | . . . . . . . . Time . | . . . . . . . . Parts Recycled . | . . . . . . . . Recycled Matter . | . . . . . . . . Retrieved Matter . | . . . . . . . . Retrieved Components . | . . . . . . . . Parts Scanalyzed . | . . . . . . . . Part Schematics Acquired . | . . . . . . . . Parts Damaged . | . . . . . . . . Bothacking | -11 -10 -9 -9 -9 -8 -8 -8 ------------ Run | Yrd Mat Mat Min Exi Min Mat Sto Used RIF Installer . | . . . . . . . . Robots Hacked 2 | . . . . . . 1 1 Non-combat 2 | . . . . . . 1 1 Combat . | . . . . . . . . Robot Hacks Applied 2 | . . . . . . 1 1 parse_system 1 | . . . . . . . 1 find_recycling 1 | . . . . . . 1 . Relay Couplers Released . | . . . . . . . . Fabnet Peak Effective % . | . . . . . . . . Robots Rewired . | . . . . . . . . Allies Hacked . | . . . . . . . . Hacks Repelled . | . . . . . . . . Allies | -11 -10 -9 -9 -9 -8 -8 -8 -------- Run | Yrd Mat Mat Min Exi Min Mat Sto Total Allies . | . . . . . . . . Largest Group . | . . . . . . . . Highest-Rated Group . | . . . . . . . . Highest-Rated Ally . | . . . . . . . . Total Orders . | . . . . . . . . Ally Attacks . | . . . . . . . . Total Damage . | . . . . . . . . Kills . | . . . . . . . . Allies Corrupted . | . . . . . . . . Allies Melted . | . . . . . . . . Intel | -11 -10 -9 -9 -9 -8 -8 -8 ------- Run | Yrd Mat Mat Min Exi Min Mat Sto Robot Analysis Total . | . . . . . . . . Derelict Logs Recovered 1 | . . . 1 . . . . Drone Launches . | . . . . . . . . Drone Recoveries . | . . . . . . . . Exploration | -11 -10 -9 -9 -9 -8 -8 -8 ------------- Run | Yrd Mat Mat Min Exi Min Mat Sto Turns Passed 3540 | 73 196 195 471 416 668 139 1382 Spaces Moved 1836 | 44 112 98 281 261 344 109 587 Core 25 | 22 . . . . . . 3 Treads 1187 | . . 47 281 261 276 . 322 Legs 311 | 22 112 51 . . . . 126 Wheels 313 | . . . . . 68 109 136 Hover . | . . . . . . . . Flight . | . . . . . . . . Fastest Speed 50 | 50 120 120 160 160 95 95 90 Average Speed 167 | 125 120 139 160 160 167 95 203 Slowest Speed 320 | 150 120 160 160 160 240 110 320 Overloaded Moves . | . . . . . . . . Propulsion Burnouts . | . . . . . . . . Robots Hopped . | . . . . . . . . Cave-ins Triggered . | . . . . . . . . Exploration Rate (%) 36 | 4 22 12 57 63 64 10 63 Regions Visited 7 Branch Regions 4 Pre-discovered Areas . | . . . . . . . . Known Exits Taken . | . . . . . . . . Unknown Exits Taken 7 | 1 1 1 1 1 1 1 . Scrap Searched 2 | . . . 1 . 1 . . Spaces Dug . | . . . . . . . . Terrain Destroyed 9 | . . . . . . . 9 Melee . | . . . . . . . . Projectile 2 | . . . . . . . 2 AOE 7 | . . . . . . . 7 Terrain Rammed . | . . . . . . . . Walls Destroyed . | . . . . . . . . Machines Disabled . | . . . . . . . . Actions | -11 -10 -9 -9 -9 -8 -8 -8 --------- Run | Yrd Mat Mat Min Exi Min Mat Sto Total 2099 | 61 141 129 288 260 395 136 689 Wait 3 | . . . . . . . 3 Move 1829 | 43 111 97 280 260 343 108 587 Hop . | . . . . . . . . Pick Up 61 | 12 6 4 1 . 7 15 16 Fast Attach 4 | . . 2 . . 1 . 1 Attach 50 | 6 4 5 . . 8 6 21 Detach . | . . . . . . . . Swap 1 | . . . . . 1 . . Drop 25 | . 3 5 . . 6 2 9 Fire 119 | . 17 16 7 . 29 4 46 Melee 5 | . . . . . . 1 4 Ram . | . . . . . . . . Kick . | . . . . . . . . Crush 2 | . . . . . . . 2 Escape Stasis . | . . . . . . . . Rewire . | . . . . . . . . Trap . | . . . . . . . . Miscellaneous . | . . . . . . . . Route ------- -11/Scrapyard -10/Materials -9/Materials -9/Mines -9/Exiles -8/Mines -8/Materials -8/Storage History --------- Turn | Location | Event 2 | -11/Scrapyard | Met Revision 17 30 | -11/Scrapyard | Discovered new exit (range 16) 74 | -11/Scrapyard | Entered Materials 258 | -10/Materials | Discovered new exit (range 10) 270 | -10/Materials | Entered another Materials area 270 | -9/Materials | Evolved 2 slots: Utility x1, Weapon x1 405 | -9/Materials | Discovered new exit (range 12) 465 | -9/Materials | Entered Mines 484 | -9/Mines | Met a Derelict bent on vengeance 566 | -9/Mines | Learned Materials trap positions 750 | -9/Mines | Build established: Scavenger-Gunner 928 | -9/Mines | Deemed a non-threat by the Exiles lab entrance 929 | -9/Mines | Discovered new exit (range 5) 936 | -9/Mines | Entered Exiles 981 | -9/Exiles | Met 8R-AWN 1016 | -9/Exiles | Met EX-HEX 1093 | -9/Exiles | Met EX-BIN 1280 | -9/Exiles | Met EX-DEC 1340 | -9/Exiles | Discovered new exit (range 10) 1352 | -9/Exiles | Entered Mines 1946 | -8/Mines | Core integrity fell below 50% 1979 | -8/Mines | Lost 6 parts (2p2n1u1w) 2014 | -8/Mines | Discovered new exit (range 8) 2020 | -8/Mines | Build established: Mutant 2020 | -8/Mines | Entered Materials 2020 | -8/Materials | Evolved 2 slots: Power x1, Weapon x1 2021 | -8/Materials | Loaded intel: 13 trap records 2133 | -8/Materials | Discovered new exit (range 11) 2159 | -8/Materials | Entered Storage 2234 | -8/Storage | Met 01-MTF 2982 | -8/Storage | Build established: Gunner 3488 | -8/Storage | Core integrity fell below 50% 3497 | -8/Storage | System corruption reached 10% 3538 | -8/Storage | Core integrity fell below 20% 3541 | -8/Storage | Destroyed by 01-MTF with 01-MTF's Shockpuncher Last Messages --------------- Y-45 Defender destroyed. System corrupted: Matter fused (-7). Acquired Imp. Ion Engine. Acquired Hvy. Assault Rifle. Enh. Autogun destroyed. Acquired Beam Rifle. R-06 Scavenger collects Heat Sink. System corrupted: FCS attempts to trigger Beam Rifle. System corrupted: Beam Rifle misfires. Imp. Ion Engine destroyed. R-06 Scavenger collects Heat Sink. Hvy. Assault Rifle destroyed. Lgt. Treads destroyed. K-01 Serf collects debris. System corrupted: Beam Rifle failed to cycle. K-01 Serf destroyed. Missile Launcher destroyed. Cooling System destroyed. K-01 Serf collects debris. Map ----- +----------------------------------------------------+ | " #?????????????????????????????????????????? | | " #?????????????????????????????????????????? | | #?????????????????????????????????????????? | | #?????????????????????????????????????????? | | ####?????????????????????????????????????????? | | #??????????????????????????????????????????? | | !#??????????????????????????????????????????? | | #??????????????????????????????????????????? | | #??????????????????????????????????????????? | | ###??????????????????????????????????????????? | | ?????????????????????????????????????????????? | | ?????????????????????????????????????????????? | | ?????????????????????????????????????????????? | | ??#####??????????????????###?????????????????? | | ??# #?????????????????? ?????????????????? | | ### #?????????????????" ?????????????????? | | ## #?????????????????" ""????????????????? | | ## #?????????????????T """???????????????? | | ## #???????????#####?" ""????????????????? | | ## #########?### ""#?" ""????????????????? | | ## ## ###%# T ### "?????????????????? | | ## ## # # ???????????#?????? | | ## ## # k !! ##+##### #????? | | ## ## # ! #????? | | ## # # ap % = #????? | | # # !! @ !% o g #????? | | + # # ####### #????? | | # # % #####????????? ##????? | | ## # # ! #????????????????????? | | ?## ## ####/######????????????????????? | | ??# ## #??#%########??????????????????? | | ??# ## #??# # #??????????????????? | | ??# ## #??# # ""#??????????????????? | | ??# ######+##### # Y"#??????????????????? | | ??# % % % + ""#??????????????????? | | ??# % # #??????????????????? | | ??#! """ " ##+##+##??????????????????? | | ??#^ % """"" #???????????????????? | | ?##! """"" #???????????????????? | | ?# "" ###?????????????????? | | ?# #?????????????????? | | + % #?????????????????? | | # #?????????????????? | | # #####+#########+###+#?????????????????? | | ?####### ?????? ?????????????????????? | | ???????# ???? """ ????????????????????? | | ???????? ??# """ ????????????????????? | | ???????? ??# """ "???????????????????? | | ???????? ???# ??? ???????????????????? | | ???????? ? ?????#????? ??????????????????? | +----------------------------------------------------+ Best States ------------- Heat Dissipation 38 Coolant Potential 50 Energy Generation 21 Energy Capacity 325 Matter Stores 500 Matter Capacity 500 Sight Range 16 Terrain Scan Range 14 Terrain Scan Density 10 Evasion (%) 55 Targeting Accuracy 5 Recoil Reduction 2 Item Schematics ----------------- None Robot Schematics ------------------ None Fabricated ------------ Nothing Alien Tech Used ----------------- None Achievements -------------- None Challenges ------------ None Game ------ Seed VoltaicChainChip Manual? 0 Play Time 01:00:34 Cumulative 23.5 hours Start 2024.11.08 @ 16:12:35 End 2025.01.18 @ 08:44:23 Sessions 5 Manual Loads 0 Difficulty Rogue Special Mode None Game No. 33 Rogue 22 Adventurer 0 Explorer 11 Win Type - Total 0 Types 0/0/0/0/0/0/0/0/0 Lore% 5 Gallery% 25 Achievement% 21 Wizard Run 0 Options --------- Layout 1 ASCII 0 Keyboard 0 Movement Mouse Keybinds 0 Fullscreen 1 Font 32/SmallcapsGlow Map View 50x35 Zoom Use 0% Tactical HUD 0 Map Filters NONE Filters NONE Steam 1 RUN: 66a9ec84-ffe1-407d-98d5-1bc32f5a9836